 Dungeon Crawl Stone Soup version 0.23.1-37-gaa34b87b72 (webtiles) character file.

Game seed: 9587661933840259653

229 Peloso the Shield-Bearer (level 5, -2/47 HPs)
             Began as a Minotaur Fighter on Mar 25, 2019.
             Slain by a killer bee (5 damage)
             ... on level 3 of the Dungeon.
             The game lasted 00:03:46 (2208 turns).

Peloso the Shield-Bearer (Minotaur Fighter)         Turns: 2208, Time: 00:03:47

Health: -2/47      AC:  7    Str: 19 (20) XL:     5   Next: 71%
Magic:  4/4        EV:  8    Int:  4 (5)  God:
Gold:   115        SH: 12    Dex:  8 (11) Spells: 4/4 levels left

rFire    + . .     SeeInvis .   a - +0 long sword
rCold    x . .     Gourm    .   c - +0 shield
rNeg     . . .     Faith    .   b - +0 scale mail
rPois    .         Spirit   .   (helmet restricted)
rElec    .         Reflect  +   (no cloak)
rCorr    .         Harm     .   (no gloves)
MR       .....                  (no boots)
Stlth    ..........             h - +3 amulet of reflection
HPRegen  0.15/turn              k - ring of fire
MPRegen  0.09/turn              (no ring)

@: lethally poisoned (-2 -> -14)
A: retaliatory headbutt, horns 2, talons 1, high mp 1
a: no special abilities


You were on level 3 of the Dungeon.
You were not hungry.

You visited 1 branch of the dungeon, and saw 3 of its levels.

You collected 115 gold pieces.

Inventory:

Hand Weapons
 a - a +0 long sword (weapon)
Armour
 b - a +0 scale mail (worn)
 c - a +0 shield (worn)
Jewellery
 h - a +3 amulet of reflection (around neck)
 k - a ring of fire (left hand)
Scrolls
 g - 3 scrolls of enchant weapon {unknown}
 l - 3 scrolls of identify {unknown}
 n - a scroll of teleportation {unknown}
 p - a scroll of random uselessness {unknown}
 q - a scroll of blinking {unknown}
Potions
 d - a potion of might
 m - a potion of brilliance {unknown}
 o - a potion of flight {unknown}
 r - a potion of ambrosia {unknown}
Comestibles
 f - 3 rations


   Skills:
 + Level 4.5 Fighting
 + Level 3.9 Long Blades
 + Level 4.5 Armour
 + Level 0.9 Dodging
 + Level 0.1 Stealth
 + Level 5.7 Shields


You had 4 spell levels left.
You didn't know any spells.
Your spell library was empty.

Dungeon Overview and Level Annotations

Branches:
Dungeon (3/15)

Altars:
Dithmenos
Ru


Innate Abilities, Weirdness & Mutations

You reflexively headbutt those who attack you in melee.
You have a pair of horns on your head.
You have sharp toenails.
You have an increased reservoir of magic. (+10% MP)


Message History

* * * LOW HITPOINT WARNING * * *
You are more poisoned.
The killer bee poisons you! You block the killer bee's attack.
You completely miss the killer bee. Your headbutt misses the killer bee.
The killer bee is heavily wounded.
* * * LOW HITPOINT WARNING * * *
You feel sick. You block the killer bee's attack. x2
Unknown command.
It was a potion of degeneration.
There was something very wrong with that liquid.
You feel weakened.
You feel dopey.
You feel clumsy.
* * * LOW HITPOINT WARNING * * *
You feel sick. You block the killer bee's attack.
The killer bee barely misses you.
You riposte.
You miss the killer bee.
The killer bee is heavily wounded.
It was a potion of mutation.
You feel extremely strange.
You feel more energetic.
Your toenails lengthen and sharpen.
* * * LOW HITPOINT WARNING * * *
You feel sick. You block the killer bee's attack. The killer bee stings you.
You die...

....###.##. ..
..#..#..#. ..# ........
..# ###..#..###### ...
.............# ###.##
#..........#
##?....##.........<#
#.....y.#..........#
#......@#.####.....###
...._.....## ##......##
#.......#..# #..#.#..#
#.......#..# #..#....#
##.....##..#####>..#..##
###.####..........#...#
..............#......#
#####..........#.......
.............#.......


You could see a killer bee.

Vanquished Creatures
  4 killer bees
  An adder (D:2)
  2 oozes
  A leopard gecko (D:1)
  2 giant cockroaches
  4 goblins
  3 hobgoblins
  4 jackals (D:1)
  2 ball pythons
  5 bats
  A frilled lizard (D:2)
  5 kobolds
  A rat (D:2)
35 creatures vanquished.

Notes
Turn   | Place    | Note
-------+----------+-------------------------------------------
     0 | D:1      | Peloso the Minotaur Fighter began the quest for the Orb.
     0 | D:1      | Reached XP level 1. HP: 19/19 MP: 0/0
   119 | D:1      | Reached skill level 4 in Shields
   119 | D:1      | Reached XP level 2. HP: 22/27 MP: 1/1
   134 | D:1      | You fall through a shaft!
   228 | D:2      | Found a sacrificial altar of Ru.
   421 | D:2      | Reached XP level 3. HP: 22/33 MP: 2/2
  1681 | D:3      | Found a shadowy altar of Dithmenos.
  1681 | D:3      | Noticed a killer bee
  1687 | D:3      | Killed a killer bee
  1687 | D:3      | Reached skill level 5 in Shields
  1687 | D:3      | Reached XP level 4. HP: 35/41 MP: 3/3
  1707 | D:2      | Reached XP level 5. HP: 5/47 MP: 4/4
  2208 | D:3      | Gained mutation: You have an increased reservoir of magic.
                  | (+10% MP) [potion of mutation]
  2208 | D:3      | Gained mutation: You have sharp toenails. [potion of
                  | mutation]
  2208 | D:3      | Slain by a killer bee

Skill      XL: |  1  2  3 |
---------------+----------+-----
Shields        | 4 5 |  5.7
Fighting       | 4 |  4.5
Long Blades    | 3 |  3.9
Armour         | 4 |  4.5
Dodging        | |  0.9
Stealth        | |  0.1

Action                   |  1- 3 |  4- 6 || total
-------------------------+-------+-------++-------
Melee: Long sword        |    88 |    31 ||   119
       Headbutt          |    15 |     2 ||    17
  Use: Potion            |       |     3 ||     3
  Eat: Chunk             |     2 |       ||     2
       Ration            |       |     1 ||     1
Armor: Scale mail        |    44 |    15 ||    59
Dodge: Dodged            |    24 |    24 ||    48
Block: Shield            |    71 |    49 ||   120
       Rpst.: Long sword |    10 |    11 ||    21
